Map: [ESL] Site Delta

Players

Reynor - Winner!

  • Race: Zerg Zerg
  • League: Master
  • Spawn Location: 5:00

Highdra

  • Race: Protoss Protoss
  • League: Grandmaster
  • Spawn Location: 11:00

Event: HomeStory Cup XXIV

VOD

Have the link to the VOD?

Description

Time

  • Played on: Dec. 2, 2023, 2:06 p.m.
  • Length: 10:51

All games in this series

Show
View Real Time Build Order
Export as new Build Order

Reynor Zerg - Winner!

Build Orders: Pool First 

Get SALT Encoding   

  12  0:00  Drone  
  13  0:07  Drone  
  14  0:14  Extractor  
  14  0:15  Drone  
  15  0:29  Spawning Pool  
  14  0:37  Overlord  
  14  0:43  Extractor, Drone  
  15  1:06  Hatchery  
  14  1:16  Zergling x6  
  17  1:27  Zergling x2  
  18  1:38  Zergling x2  
  19  1:46  Hatchery  
  18  1:50  Drone  
  19  2:02  Queen  
  21  2:10  Overlord  
  21  2:18  Zergling x2  
  21  2:19  Drone  
  23  2:28  Zergling x2  
  26  2:37  Drone  
  26  2:40  Zergling x2  
  26  2:43  Drone  
  29  2:49  Overlord  
  29  2:51  Queen  
  26  2:52  Extractor  
  26  2:55  Drone  
  28  3:05  Drone  
  28  3:08  Queen  
  28  3:12  Drone  
  31  3:15  Drone  
  31  3:19  Drone  
  32  3:23  Drone  
  33  3:28  Drone x2  
  33  3:32  Zergling x2  
  36  3:40  Drone x2  
  38  3:48  Zergling x2  
  39  3:53  Drone x3  
  39  3:55  Overlord  
  42  4:03  Metabolic Boost  
  42  4:06  Drone  
  42  4:08  Overlord  
  43  4:16  Drone, Queen  
  46  4:24  Drone x3  
  49  4:26  Overlord  
  49  4:38  Drone  
  49  4:39  Hatchery  
  49  4:41  Drone  
  49  4:42  Drone  
  49  4:45  Overlord  
  51  4:49  Drone x2  
  51  4:52  Spore Crawler  
  52  4:56  Drone  
  53  5:00  Roach Warren  
  53  5:05  Queen  
  53  5:07  Drone x2  
  56  5:10  Zergling x4  
  58  5:16  Zergling x8  
  58  5:19  Overlord  
  62  5:25  Zergling x6  
  64  5:28  Overlord  
  64  5:36  Extractor  
  64  5:40  Drone, Spore Crawler  
  63  5:47  Roach x6  
  75  5:53  Zergling x2  
  76  5:57  Roach  
  76  5:59  Zergling x4  
  76  6:00  Zergling x4  
  76  6:02  Drone  
  76  6:03  Queen  
  85  6:12  Overlord  
  85  6:14  Drone x4  
  85  6:17  Spore Crawler  
  85  6:18  Drone  
  89  6:25  Overlord  
  89  6:30  Drone x2  
  89  6:31  Drone x3  
  94  6:33  Overlord  
  94  6:39  Ravager x3  
  97  6:42  Overlord  
  97  6:44  Drone x4  
  101  6:47  Extractor, Drone  
  101  6:49  Drone  
  101  6:50  Drone  
  103  6:58  Lair  
  103  6:59  Drone  
  103  7:00  Drone x4  
  108  7:04  Extractor  
  108  7:05  Queen  
  109  7:16  Roach x3  
  109  7:17  Zergling x6, Roach  
  109  7:19  Overlord  
  120  7:23  Overlord  
  120  7:26  Overlord  
  120  7:34  Overlord  
  120  7:35  Zergling x4  
  120  7:36  Zergling x2, Ravager  
  120  7:37  Ravager  
  117  7:39  Zergling x6  
  117  7:41  Zergling x6  
  117  7:42  Queen  
  125  7:50  Roach x2  
  129  7:53  Zergling x2  
  129  7:54  Roach  
  129  7:55  Roach x2  
  129  7:58  Glial Reconstitution  
  136  8:06  Overlord x2  
  136  8:08  Ravager x2  
  136  8:10  Zergling x8  
  142  8:14  Roach x2  
  142  8:15  Roach  
  142  8:16  Overlord  
  148  8:21  Roach x2  
  148  8:26  Roach  
  148  8:27  Zergling x4, Roach x2  
  158  8:30  Roach  
  161  8:37  Roach x3  
  161  8:39  Overlord  
  161  8:41  Roach x2  
  171  8:51  Roach x3  
  171  8:53  Overlord  
  177  8:57  Overlord  
  177  9:01  Roach  
  177  9:02  Roach x2  
  183  9:06  Overlord  
  183  9:08  Roach  
  183  9:09  Overlord  
  185  9:11  Overlord  
  185  9:23  Roach  
  173  9:25  Zergling x2, Roach x5  
  173  9:26  Zergling x4  
  160  9:31  Zergling x2, Roach x2  
  160  9:32  Zergling x2  
  160  9:36  Roach  
  160  9:37  Zergling x4, Roach  
  155  9:42  Roach  
  143  9:48  Roach x2  
  143  9:50  Roach  
  145  9:54  Roach  
  145  9:55  Hatchery  
  145  9:57  Roach  
  145  10:02  Roach  
  145  10:06  Roach  
  144  10:10  Zergling x8  
  144  10:13  Overseer  
  147  10:17  Roach x7  
  160  10:22  Zergling x4  
  160  10:26  Zergling x2  
  160  10:27  Extractor  
  162  10:31  Zergling x2  
  162  10:33  Zergling x2  
  157  10:36  Ravager x3  
Show
View Real Time Build Order
Export as new Build Order

Highdra Protoss 

Build Orders:  

Get SALT Encoding   

  12  0:00  Probe  
  13  0:12  Probe  
  14  0:19  Pylon  
  14  0:24  Probe  
  15  0:37  Probe (Chrono Boost)  
  15  0:40  Gateway  
  16  0:47  Probe (Chrono Boost)  
  17  0:50  Assimilator  
  17  0:52  Probe (Chrono Boost)  
  18  1:04  Probe  
  19  1:17  Forge  
  19  1:18  Probe  
  20  1:21  Gateway  
  20  1:25  Zealot (Chrono Boost)  
  22  1:39  Cybernetics Core  
  23  1:51  Photon Cannon  
  22  2:01  Pylon  
  22  2:07  Pylon  
  22  2:20  Adept (Chrono Boost)  
  22  2:21  Probe  
  22  2:22  Assimilator  
  26  2:24  Adept (Chrono Boost)  
  25  2:34  Warp Gate  
  25  2:40  Probe  
  26  2:57  Probe  
  27  3:16  Probe  
  28  3:21  Robotics Facility  
  28  3:26  Adept  
  30  3:28  Probe  
  31  3:46  Pylon  
  31  3:49  Nexus  
  31  4:04  Probe (Chrono Boost)  
  31  4:09  Observer  
  33  4:10  Robotics Bay  
  33  4:14  Probe (Chrono Boost)  
  33  4:17  Pylon  
  34  4:19  Probe (Chrono Boost)  
  35  4:28  Stalker x2  
  39  4:34  Pylon  
  39  4:35  Probe (Chrono Boost)  
  40  4:40  Warp Prism  
  42  4:47  Probe (Chrono Boost)  
  43  4:55  Probe (Chrono Boost)  
  43  4:59  Gravitic Drive  
  44  5:01  Probe (Chrono Boost)  
  46  5:07  Probe (Chrono Boost)  
  46  5:10  Probe (Chrono Boost)  
  46  5:14  Assimilator, Probe (Chrono Boost)  
  48  5:15  Probe (Chrono Boost)  
  48  5:18  Disruptor  
  53  5:26  Assimilator  
  53  5:27  Probe (Chrono Boost)  
  55  5:31  Probe (Chrono Boost)  
  55  5:33  Probe (Chrono Boost)  
  56  5:37  Probe  
  56  5:41  Probe  
  58  5:49  Probe  
  59  5:54  Disruptor (Chrono Boost), Gateway x2  
  63  5:59  Gateway  
  63  6:00  Gateway  
  63  6:06  Gateway  
  63  6:08  Probe  
  63  6:10  Probe  
  65  6:16  Gateway  
  65  6:21  Probe  
  66  6:30  Pylon  
  66  6:31  Disruptor (Chrono Boost)  
  70  6:33  Pylon  
  70  6:37  Pylon  
  70  6:41  Pylon  
  70  6:48  Probe  
  71  6:57  Protoss Ground Weapons Level 1  
  71  6:59  Sentry x4  
  79  7:03  Colossus (Chrono Boost)  
  85  7:13  Stalker x3  
  91  7:25  Stalker x3  
  97  7:36  Stalker x2  
  101  7:44  Pylon  
  101  7:46  Pylon  
  101  7:47  Pylon  
  101  7:56  Pylon  
  101  8:09  Stalker x2  
  101  8:10  Stalker  
  101  8:11  Stalker x2  
  111  8:13  Stalker  
  113  8:24  Pylon  
  113  8:35  Stalker x4  
  113  8:37  Sentry x2  
  125  8:55  Stalker x2  
  125  9:01  Stalker x2  
  125  9:02  Stalker  
  128  9:28  Warp Prism  
  92  9:43  Stalker x5  
  92  9:44  Stalker x2  
  86  10:12  Stalker x4  
  86  10:13  Stalker x2  
  98  10:16  Stalker  
  84  10:45  Stalker x5  
  84  10:46  Stalker  
Tags
 
Add a new tag
Caveats
  • Supply blocks, unpowered buildings, or Contaminate may cause inaccurate times.
  • Supply counts are checked every 10 seconds.